 Dungeon Crawl Stone Soup version 0.31-a0-325-g067879e3d3 (webtiles) character file.

Game seed: 13918502486013956587

2 Vomitron the Slasher (level 1, -5/23 HPs)
             Began as a Gnoll Cinder Acolyte on July 18, 2023.
             Was a High Priest of Ignis.
             Slain by a kobold
             ... wielding a +4 dagger of holy wrath
              (7 damage)
             ... on level 1 of the Dungeon.
             The game lasted 00:00:30 (69 turns).

Vomitron the Slasher (Gnoll Cinder Acolyte)           Turns: 69, Time: 00:00:30

Health: -5/23      AC:  2    Str: 13    XL:     1   Next: 40%
Magic:  4/4        EV: 11    Int: 13    God:    Ignis [*****.]
Gold:   0          SH:  0    Dex:  7    Spells: 5/5 levels left

rFire   + . .        c - +2 dagger (pain)
rCold   . . .        (no shield)
rNeg    . . .        b - +0 robe
rPois   .            (no helmet)
rElec   .            (no cloak)
rCorr   .            (no gloves)
SInv    .            (no boots)
Will    .....        (no amulet)
Stlth   +            (no ring)
HPRegen 0.23/turn    (no ring)
MPRegen 0.09/turn

%: no passive effects
@: no status effects
A: fangs 1, strong nose, distributed training
a: Renounce Religion, Fiery Armour, Foxfire Swarm, Rising Flame


You were on level 1 of the Dungeon.
You worshipped Ignis.
Ignis was extremely pleased with you.
You visited 1 branch of the dungeon, and saw 1 of its levels.

Inventory:

Hand Weapons
 a - a -1 falchion of flaming
 c - a +2 dagger of pain (weapon)
Armour
 b - a +0 robe (worn)


   Skills:
 + Level 6.4 Fighting
 + Level 0.0 Short Blades
 + Level 6.4 Long Blades
 + Level 0.0 Axes
 + Level 0.0 Maces & Flails
 + Level 0.0 Polearms
 + Level 0.0 Staves
 + Level 0.0 Ranged Weapons
 + Level 0.0 Throwing
 + Level 0.0 Armour
 + Level 0.0 Dodging
 + Level 0.0 Stealth
 + Level 0.0 Shields
 + Level 0.0 Unarmed Combat
 + Level 2.6 Spellcasting
 + Level 0.0 Conjurations
 + Level 0.0 Hexes
 + Level 0.0 Summonings
 + Level 0.0 Necromancy
 + Level 0.0 Translocations
 + Level 0.0 Transmutations
 + Level 5.3 Fire Magic
 + Level 0.0 Ice Magic
 + Level 0.0 Air Magic
 + Level 0.0 Earth Magic
 + Level 0.0 Poison Magic
 + Level 0.1 Invocations
 + Level 0.0 Evocations
 + Level 0.0 Shapeshifting


You had 5 spell levels left.
You didn't know any spells.
Your spell library contained the following spells:

 Spells                   Type           Power      Damage    Failure   Level
 Scorch                   Fire           30%        2d6       4%          2


Dungeon Overview and Level Annotations

Branches:
Dungeon (1/15)

Altars:


Innate Abilities, Weirdness & Mutations

You have very sharp teeth.
Your uncanny sense of smell can sniff out nearby items.
Your experience applies equally to all skills.


Message History

The kobold shouts!
The ball python hisses angrily.
There are monsters nearby!
There are monsters nearby!
The kobold hits you with a +4 dagger of holy wrath.
You closely miss the kobold.
The kobold hits you with a +4 dagger of holy wrath.
You completely miss the kobold. Your bite misses the kobold.
The kobold closely misses you.
You completely miss the kobold. The ball python closely misses you.
The ball python grabs you. The ball python constricts you.
The kobold hits you with a +4 dagger of holy wrath.
You completely miss the ball python. The ball python barely misses you.
The ball python constricts you. The kobold hits you but does no damage.
You closely miss the ball python. Your bite misses the ball python.
The ball python bites you but does no damage.
The ball python constricts you. The kobold barely misses you.
The ball python closely misses you. The ball python constricts you.
You hit the ball python.
The ball python is severely wounded.
The kobold hits you with a +4 dagger of holy wrath.
The ball python bites you. The ball python constricts you.
You barely miss the ball python.
The ball python is severely wounded.
The kobold barely misses you. The ball python bites you.
* * * LOW HITPOINT WARNING * * *
The ball python constricts you.
You hit the ball python.
You kill the ball python!
The kobold hits you with a +4 dagger of holy wrath.
* * * LOW HITPOINT WARNING * * *
You hit the kobold.
The kobold is moderately wounded.
The kobold barely misses you.
You hit the kobold.
The kobold is heavily wounded.
The kobold misses you.
You hit the kobold.
The kobold is severely wounded.
The kobold hits you with a +4 dagger of holy wrath!
You die...

♣..........♣ #...
♣.........♣♣ #...#
#........♣♣ .....#
#........♣
......###.......♣♣
........#......♣♣
........#..#.♣♣♣
.......K#..###
.......@#..#
.>.........#
........####
........#
.........
.........
.........
.......... .......


You could see a kobold.

Vanquished Creatures
  A ball python (D:1)
  A kobold (D:1)
2 creatures vanquished.

Notes
Turn   | Place    | Note
-------+----------+-------------------------------------------
     0 | D:1      | Vomitron the Gnoll Cinder Acolyte began the quest for the
                  | Orb.
     0 | D:1      | Reached XP level 1. HP: 23/23 MP: 4/4
    69 | D:1      | Slain by a kobold

Illustrated notes

Levels and vault maps discovered:
D:1:      sevenhm_arrival_forest_fort_large_4, layout_rooms, serial_shops,
          nicolae_shop_stone, hex_large

Action                     || total
---------------------------++-------
  Melee: Dagger            ||    11
         Falchion          ||     1
 Armour: Robe              ||     2
  Dodge: Dodged            ||     8

Table legend: (Time is in decaauts)
 A = Elapsed time spent in this place.
 B = Non-inter-level travel time spent in this place.
 C = Inter-level travel time spent in this place.
 D = Time resting spent in this place.
 E = Time spent auto-exploring this place.
 F = Levels seen in this place.
 G = Mean time per level.
                   A        B        C        D        E       F      G
               +--------+--------+--------+--------+--------+-----+--------+
         Total |     68 |     68 |      0 |      0 |     49 |   1 |   68.0 |
       Dungeon |     68 |     68 |      0 |      0 |     49 |   1 |   68.0 |
               +--------+--------+--------+--------+--------+-----+--------+

Top non-repeatable levels by time:
     D:1: 68 daAuts
